 Dungeon Crawl Stone Soup version 0.27-a0-1196-g3e9cee4cb2 (webtiles) character file.

Game seed: 4776466789699786876

46 dickylongcocking the Magician (level 3, -9/27 HPs)
             Began as a Djinni Fire Elementalist on May 28, 2021.
             Killed by an exploding goblin (11 damage)
             ... ignited by their inner flame
             ... on level 2 of the Dungeon.
             The game lasted 00:01:47 (2041 turns).

dickylongcocking the Magician (DjFE)                Turns: 2041, Time: 00:01:47

Health: -9/27      AC:  2    Str:  7    XL:     3   Next: 92%
Gold:   58         EV: 12    Int: 17    God:
                   SH:  0    Dex: 13

rFire    + + .     SeeInvis .   c - +0 short sword
rCold    x . .     Faith    .   (no shield)
rNeg     . . .     Spirit   .   a - +0 robe
rPois    ∞         Reflect  .   (no helmet)
rElec    .         Harm     .   (no cloak)
rCorr    .         Rampage  .   (no gloves)
Will     .....                  (boots unavailable)
Stlth    ++........             (no amulet)
HPRegen  0.09/turn              (no ring)
MPRegen  0.00/turn              (no ring)

@: on berserk cooldown, flying, slowed, very slow
A: sickness immunity, fire resistance 2, cold vulnerability 1, float, innate
caster, hp casting, extra vitality 1
a: no special abilities


You were on level 2 of the Dungeon.
You visited 1 branch of the dungeon, and saw 2 of its levels.

You collected 58 gold pieces.

Inventory:

Hand Weapons
 c - a +0 short sword (weapon)
Armour
 a - a +0 robe (worn)
 d - a +0 buckler
Scrolls
 b - a scroll of identify {unknown}
Potions
 e - a potion of flight {unknown}
 g - a potion of lignification {unknown}
 i - a potion of curing {unknown}
 j - 2 potions of mutation {unknown}


   Skills:
 * Level 1.6 Fighting
 - Level 2.3 Dodging
 - Level 1.7 Stealth
 * Level 3.1 Spellcasting


You couldn't memorise any spells.
You knew the following spells:

 Your Spells              Type           Power      Damage    Failure   Level
a - Foxfire               Conj/Fire      52%        2x1d6     4%          1
b - Conjure Flame         Conj/Fire      13%        6-21      14%         3
c - Inner Flame           Hex/Fire       13%        N/A       14%         3
d - Sticky Flame          Conj/Fire      13%        2d4       43%         4
e - Fireball              Conj/Fire      6%         3d5       78%         5
f - Pain                  Necr           52%        1d6       4%          1
Your spell library was empty.

Dungeon Overview and Level Annotations

Branches:
Dungeon (2/15)

Altars:

Annotations:
D:2 Robin


Innate Abilities, Weirdness & Mutations

You are immune to sickness and miasma.
You are immune to poison.
Your flesh is very heat resistant. (rF++)
You are vulnerable to cold. (rC-)
You float through the air rather than walking.
You learn spells naturally, not from books.
Your magical power is your life essence.
You have superior vitality. (+4 HP)


Message History

The goblin is heavily wounded.
The goblin hits you with a +0 club.
* * * LOW HITPOINT WARNING * * *
Unknown command.
You puncture the goblin!
You kill the goblin!
Unknown command.
You completely miss the goblin.
Unknown command.
You feel a strong urge to attack something.
You feel your anger nearly subside.
You are no longer berserk.
You are exhausted.
You feel yourself slow down.
Blink to where?
Press: ? - help, Dir - move target, f - you, p - goblin Are you sure you want to cancel this blink? [Y]es or [N]o only, please.
Are you sure you want to cancel this blink?
Blink to where?
Press: ? - help, Dir - move target, p - goblin
As you read the scroll labelled AKLIAP YRUTRUMP, it crumbles to dust.
It was a scroll of blinking.
Unknown command.
Unknown command.
Okay, then.
Unknown command.
Unknown command.
Unknown command.
Unknown command.
Casting: Foxfire (safe; 4% risk of failure)
Confirm with . or Enter, or press ? or * to list all spells.
Okay, then.
Casting: Foxfire (safe; 4% risk of failure)
Confirm with . or Enter, or press ? or * to list all spells.
You conjure some foxfire!
* * * LOW HITPOINT WARNING * * *
The foxfire hits the goblin.
The goblin explodes!
The fiery explosion engulfs you! You resist.
You die...

#...(.##.#....gg.g.#
#.............####.#
#....._..†.....#.#.#
####'#.###.......#§#
#...#.#.......#.#.# #####
#.#<#.#...#.#..)..# ....#
#.#.#.##..#.#.#.###
....#####.#.#...§v§..g...#######
...........÷÷÷..@§vg...)!.......
....#####.#.....#§#.#..†.#######
....# #.......#.#.###†## ...)###
#####..#..#.. ..# ###...#
####..#.######.)
#...####.......# #...
#>.............# #....
#...######...### #..... #...#
8...8#


You could see 2 hobgoblins.

Vanquished Creatures
  2 dart slugs (D:1)
  2 endoplasms
  2 giant cockroaches (D:1)
  6 goblins (D:2)
  5 hobgoblins
  4 kobolds
  5 quokkas (D:1)
  5 ball pythons
  2 bats
  3 frilled lizards
  2 rats (D:1)
38 creatures vanquished.

Vanquished Creatures (others)
  129 foxfires
129 creatures vanquished.

Grand Total: 167 creatures vanquished

Notes
Turn   | Place    | Note
-------+----------+-------------------------------------------
     0 | D:1      | dickylongcocking the Djinni Fire Elementalist began the
                  | quest for the Orb.
     0 | D:1      | Reached XP level 1. HP: 15/15 MP: 0/0
   280 | D:1      | Reached XP level 2. HP: 11/21 MP: 0/0
   920 | D:1      | Reached XP level 3. HP: 24/26 MP: 0/0
   920 | D:1      | Learned a level 1 spell: Pain
   968 | D:1      | Reached skill level 1 in Fighting
  1205 | D:1      | Reached skill level 3 in Spellcasting
  1713 | D:2      | Noticed a phantom
  1747 | D:2      | Found a faded altar of an unknown god.
  2009 | D:2      | Noticed Robin
  2041 | D:2      | Killed by an exploding goblin... ignited by their inner
                  | flame

Illustrated notes

Levels and vault maps discovered:
D:1:      evilmike_arrival_fibonacci_small, layout_basic
D:2:      layout_basic, basic_ecumenical_altar, serial_corexii_hall,
          corexii_hall_statues_x, corexii_hall_statues_s, serial_shops,
          nicolae_shop_crystal, kennysheep_generic_room_8, uniq_robin

Skill      XL: |  1  2  3 |
---------------+----------+-----
Fighting       | 1 |  1.6
Spellcasting   | 3 |  3.1
Dodging        | |  2.3
Stealth        | |  1.7

Action                   || total
-------------------------++-------
Melee: Unarmed           ||     3
       Short sword       ||     6
 Cast: Foxfire           ||    86
       Inner Flame       ||     3
  Use: Scroll            ||     1
       Potion            ||     1
Armor: Robe              ||     8
Dodge: Dodged            ||    19

Table legend: (Time is in decaauts)
 A = Elapsed time spent in this place.
 B = Non-inter-level travel time spent in this place.
 C = Inter-level travel time spent in this place.
 D = Time resting spent in this place.
 E = Time spent auto-exploring this place.
 F = Levels seen in this place.
 G = Mean time per level.
                   A        B        C        D        E       F      G
               +--------+--------+--------+--------+--------+-----+--------+
         Total |   2043 |   2000 |     43 |      0 |   1773 |   2 | 1021.5 |
       Dungeon |   2043 |   2000 |     43 |      0 |   1773 |   2 | 1021.5 |
               +--------+--------+--------+--------+--------+-----+--------+

Top non-repeatable levels by time:
     D:1: 1727 daAuts
     D:2: 315 daAuts
